AoeStats
← Iverson

MegaRandom

509442845Analyzed
3v3 RM · 6d ago on Sep 26, 2026· 16m 46s· 6 players
Game mode
Random Map
Map size
Normal (6 player)
Population
200
Speed
Normal
Resources
Standard
Victory
Conquest
Starting age
Dark Age
Ending age
Imperial Age
RankedLock teamsTeams togetherTeam positionsShared explorationLock speedFull tech treeHidden civsTurbo modeCheats
Victory
Defeat
🇪🇸 Berbers · Spain
1180
+14
🇪🇸 Huns · Spain
1151
+15
🇺🇸 Varangians · United States
1093
+17
🇬🇧 Danes · United Kingdom
1140
-16
🇭🇺 Chinese · Hungary
1126
-15
🇭🇺 Vietnamese · Hungary
1120
-15
kispalb
12:03 Feudal Age
15:41 Loom
SzabolcsVezér
3:49 Loom
12:27 Feudal Age
LGee
4:21 Loom
11:38 Feudal Age
15:35 Castle Age
14:51 Fletching
juliotorralbar
12:40 Feudal Age
11:29 Loom
14:33 Wheelbarrow
13:57 Double-Bit Axe
14:36 Horse Collar
16:41 Town Watch
teomiroteomiro
8:33 Loom
11:30 Feudal Age
12:38 Double-Bit Axe
Iverson
8:49 Loom
11:09 Feudal Age
11:24 Man-at-Arms
12:01 Double-Bit Axe
13:16 Arson
Connection lost

Rejoining the realm…

Still unreachable

The connection could not be restored.

Session expired

The server has moved on; the page needs a fresh start.